 Dungeon Crawl Stone Soup version 0.27.1-33-g824d729ab1 (webtiles) character file.

Game seed: 1387304805943790206

126 lonewolfV2 the Covered (level 4, 0/40 HPs)
             Began as a Minotaur Fighter on Dec 10, 2021.
             Slain by a killer bee zombie (2 damage)
             ... on level 3 of the Dungeon.
             The game lasted 00:04:48 (2037 turns).

lonewolfV2 the Covered (Minotaur Fighter)           Turns: 2037, Time: 00:04:49

Health: 0/40       AC:  7    Str: 21    XL:     4   Next: 83%
Magic:  3/3        EV:  7    Int:  5    God:
Gold:   52         SH:  9    Dex: 10    Spells: 3/3 levels left

rFire    . . .     SeeInvis .   a - +0 long sword
rCold    . . .     Faith    .   c - +0 kite shield
rNeg     . . .     Spirit   .   b - +0 scale mail
rPois    .         Reflect  .   (helmet restricted)
rElec    .         Harm     .   (no cloak)
rCorr    .         Rampage  .   (no gloves)
Will     .....                  (no boots)
Stlth    ..........             e - amulet of magic regeneration
HPRegen  0.13/turn              (no ring)
MPRegen  0.33/turn              (no ring)

@: no status effects
A: horns 2, retaliatory headbutt
a: no special abilities


You were on level 3 of the Dungeon.
You visited 1 branch of the dungeon, and saw 3 of its levels.

You collected 52 gold pieces.

Inventory:

Hand Weapons
 a - a +0 long sword (weapon)
Armour
 b - a +0 scale mail (worn)
 c - a +0 kite shield (worn)
Magical Staves
 h - a staff of poison
Jewellery
 e - an amulet of magic regeneration (around neck)
Wands
 f - a wand of iceblast (10)
Scrolls
 j - a scroll of enchant armour {unknown}
 k - a scroll of enchant weapon {unknown}
Potions
 d - 3 potions of might
 g - a potion of heal wounds {unknown}
 i - a potion of invisibility {unknown}


   Skills:
 + Level 4.2 Fighting
 + Level 4.0 Long Blades
 + Level 4.7 Armour
 + Level 0.4 Dodging
 + Level 4.4 Shields


You had 3 spell levels left.
You didn't know any spells.
Your spell library contained the following spells:

 Spells                   Type           Power      Damage    Failure   Level
 Ensorcelled Hibernation  Hex/Ice        0%         N/A       100%        2
 Conjure Flame            Conj/Fire      0%         6-21      100%        3
 Portal Projectile        Hex/Tloc       0%         N/A       100%        3
 Hailstorm                Conj/Ice       0%         3d3       100%        4
 Blade Hands              Tmut           0%         N/A       100%        5
 Excruciating Wounds      Necr           0%         N/A       100%        5
 Polar Vortex             Ice            0%         N/A       100%        9


Dungeon Overview and Level Annotations

Branches:
Dungeon (3/15)

Altars:

Shops:
D:1 *=[


Innate Abilities, Weirdness & Mutations

You have a pair of horns on your head.
You reflexively headbutt those who attack you in melee.


Message History

The killer bee zombie is heavily damaged.
The killer bee zombie hits you.
* * * LOW HITPOINT WARNING * * *
The killer bee zombie hits you.
* * * LOW HITPOINT WARNING * * *
You feel better. The killer bee zombie hits you.
* * * LOW HITPOINT WARNING * * *
The killer bee zombie barely misses you.
A rat comes into view.
You hit the killer bee zombie.
The killer bee zombie is severely damaged.
You block the killer bee zombie's attack.
The killer bee zombie hits you.
* * * LOW HITPOINT WARNING * * *
The killer bee zombie barely misses you.
You barely miss the killer bee zombie.
The killer bee zombie is severely damaged.
The killer bee zombie hits you but does no damage.
The rat bites you but does no damage.
You block the killer bee zombie's attack.
The rat barely misses you. You furiously retaliate!
You headbutt the rat!
You kill the rat!
You closely miss the killer bee zombie.
The killer bee zombie is severely damaged.
The killer bee zombie hits you.
* * * LOW HITPOINT WARNING * * *
The killer bee zombie barely misses you.
The killer bee zombie hits you but does no damage.
You barely miss the killer bee zombie.
Your headbutt misses the killer bee zombie.
The killer bee zombie is severely damaged.
You block the killer bee zombie's attack.
The killer bee zombie hits you.
* * * LOW HITPOINT WARNING * * *
You miss the killer bee zombie.
The killer bee zombie is severely damaged.
The killer bee zombie hits you but does no damage.
You block the killer bee zombie's attack.
The killer bee zombie hits you.
You die...

.# #.# .# #.# ##
#.###.# #.. #...#.#
#...###...#.####
#....!.#.......#
#...#.##.##.##.#
#...†(.......#.#
#..##@##.##..#.#
#..##Z##.##..#.#
#........##..#.#######
#.###.#####..#.......#
...# #.....####.#
...... ###..##.####.#
###.#.. ..........##.#
#.#..##.#..##.#.##.#
#.#..##.#...........


You could see a killer bee zombie.

Vanquished Creatures
  4 gnolls (D:2)
  4 adders (D:2)
  2 dart slugs
  11 endoplasms
  3 giant cockroaches
  2 goblins (D:1)
  3 hobgoblins
  3 jackals (D:2)
  2 quokkas
  3 ball pythons (D:1)
  2 bats
  A frilled lizard (D:2)
  2 kobolds (D:1)
  7 rats
49 creatures vanquished.

Notes
Turn   | Place    | Note
-------+----------+-------------------------------------------
     0 | D:1      | lonewolfV2 the Minotaur Fighter began the quest for the
                  | Orb.
     0 | D:1      | Reached XP level 1. HP: 19/19 MP: 0/0
   160 | D:1      | Found Cissim's Antique Armour Shoppe.
   290 | D:1      | Found Sest's Jewellery Shoppe.
   314 | D:1      | Reached XP level 2. HP: 25/27 MP: 1/1
   478 | D:1      | Found Feafri's Assorted Antiques.
   773 | D:2      | Found a faded altar of an unknown god.
   796 | D:2      | Reached XP level 3. HP: 33/33 MP: 2/2
  1046 | D:2      | Reached XP level 4. HP: 8/40 MP: 3/3
  1808 | D:2      | Got the Handbook of the Congealing Arsonist
  2031 | D:3      | HP: 1/40 [killer bee zombie (4)]
  2036 | D:3      | HP: 2/40 [killer bee zombie (5)]
  2037 | D:3      | Slain by a killer bee zombie

Illustrated notes

Levels and vault maps discovered:
D:1:      lightli_arrival_windingriver, layout_loops_ring, serial_shops, shop,
          nicolae_shop_statue_plus, nicolae_shop_temple_entry_statues_fountains
D:2:      layout_rooms, hellmonk_ecumenical_altar_slurped_away,
          kennysheep_pointless_box
D:3:      layout_loops_ring, gup_sewer_entry_bowl, uniq_crazy_yiuf_cottage,
          uniq_robin

Skill      XL: |  1  2  3  4 |
---------------+-------------+-----
Armour         | 4 |  4.7
Shields        | 4 |  4.4
Fighting       | 4 |  4.2
Long Blades    | 3 4 |  4.0
Dodging        | |  0.4

Action                   |  1- 3 |  4- 6 || total
-------------------------+-------+-------++-------
Melee: Long sword        |    48 |    46 ||    94
       Headbutt          |     5 |     8 ||    13
  Use: Scroll            |       |     4 ||     4
       Potion            |       |     3 ||     3
Armor: Scale mail        |    24 |    13 ||    37
Dodge: Dodged            |    20 |    21 ||    41
Block: Kite shield       |    27 |    27 ||    54
       Rpst.: Long sword |     8 |     6 ||    14
